 Dungeon Crawl Stone Soup version 0.32-a0-42-ga30500b4d3 (webtiles) character file.

Game seed: 13364386269599625368

6 drugrobin the Sneak (level 1, -5/18 HPs)
             Began as a Demigod Delver on Feb 3, 2024.
             Shot with an arrow by a centaur (11 damage)
             ... on level 5 of the Dungeon.
             The game lasted 00:02:00 (184 turns).

drugrobin the Sneak (Demigod Delver)                 Turns: 184, Time: 00:02:01

Health: -5/18      AC:  3    Str: 13    XL:     1   Next: 60%
Magic:  3/3        EV: 11    Int: 12    God:
Gold:   28         SH:  0    Dex: 15    Spells: 0/0 levels left

rFire   . . .        a - +0 mace
rCold   . . .        (no shield)
rNeg    . . .        b - +0 leather armour
rPois   .            (no helmet)
rElec   .            (no cloak)
rCorr   .            (no gloves)
SInv    .            (no boots)
Will    .....        (no amulet)
Stlth   +++          (no ring)
HPRegen 0.23/turn    (no ring)
MPRegen 0.08/turn

%: no passive effects
@: no status effects
A: high MP 1, forlorn, divine attributes
a: no special abilities


You were on level 5 of the Dungeon.
You visited 1 branch of the dungeon, and saw 2 of its levels.

You collected 28 gold pieces.

Inventory:

Hand Weapons
 a - a +0 mace (weapon)
Armour
 b - a +0 leather armour (worn)
Wands
 d - a wand of charming (6)
 g - a wand of digging (3)
Scrolls
 c - a scroll of fog
 e - a scroll of enchant armour {unknown}
Potions
 f - a potion of haste
 h - a potion of heal wounds {unknown}


   Skills:
 - Level 2.6 Fighting
 + Level 2.3 Maces & Flails
 - Level 1.7 Dodging
 - Level 4.5 Stealth


You couldn't memorise any spells.
You didn't know any spells.
Your spell library was empty.

Dungeon Overview and Level Annotations

Branches:
Dungeon (5/15)
 Temple: D:4-7

Annotations:
D:5 exclusion: 2 centaurs


Innate Abilities, Weirdness & Mutations

You have an increased reservoir of magic. (+10% MP)
You shall have no god before yourself.
Your divine heritage dramatically boosts your attributes as you level up.


Message History

You open the door.
There is an open door here.
Found a metallic orange potion.
h - a metallic orange potion A centaur comes into view.
Found 6 stones. 2 orcs come into view.
Found a ring mail.
The orc shouts! x2; You hear a shout! x3
Unknown command.
Unknown command.
Unknown command.
Okay, then.
Unknown command.
You closely miss the orc. The orc hits you with a +0 whip.
Unknown command.
You hit the orc but do no damage. The orc hits you with a +0 whip.
Unknown command.
You hit the orc but do no damage. The orc barely misses you.
The orc closely misses you.
Unknown command.
You sock the orc!
You kill the orc!
Unknown command.
You hit the orc.
You kill the orc!
The centaur wields a +0 shortbow.
The centaur shoots an arrow.
The arrow hits you!
Ouch! That really hurt!
* * * LOW HITPOINT WARNING * * *
Unknown command.
Unknown command.
Okay, then.
Aiming: Charm
Press: ? - help, Shift-Dir - straight line, f - centaur
Aim: a centaur, wielding a +0 shortbow (chance to affect: 49%)
The centaur resists with some effort.
The centaur shoots an arrow.
The arrow hits you!
Ouch! That really hurt!
You die...

**,,*******#.#...##.#,*****,*
**,,,........##.##*,..,,,,,,*
***,*##########.#####.#******
***,* #.......# ,,,,*
#.####### ***** #.# #.#
######.#### #.(....@).#
#.####.##.# *,* #.#*.#*******
********,***#.#,o.,,,,,,*
***,,,,,,,,,,,...,...,,**,****
*,,,,,,,,*,,*,.c.,.#..,,,,,,,*
*,*,,***,*,,*#..c,.#..[**,**,*
*,*,,***,*,,*##.*,.#####*,**,*
*,*,,,,,,*,,,,,,,,,,,,,,,,**,*


You could see a centaur.

Vanquished Creatures
  3 orcs (D:5)
3 creatures vanquished.

Notes
Turn   | Place    | Note
-------+----------+-------------------------------------------
     0 | D:5      | drugrobin the Demigod Delver began the quest for the Orb.
     0 | D:5      | Reached XP level 1. HP: 18/18 MP: 3/3
    39 | D:5      | Noticed a troll
    97 | D:4      | Noticed an orc wizard
    97 | D:4      | Noticed an orc priest
   114 | D:5      | Noticed a centaur
   174 | D:5      | Noticed a centaur
   184 | D:5      | Shot with an arrow by a centaur

Illustrated notes

Levels and vault maps discovered:
D:4:      layout_rooms, minmay_temple_entry_mini_moons, gammafunk_ghost_split
D:5:      layout_loops_corners, okawaru_metal_pillars_1_2, cheibrodos_gnoll_hut

Skill      XL: |  1 |
---------------+----+-----
Maces & Flails | 2 |  2.3
Fighting       | |  2.6
Dodging        | |  1.7
Stealth        | |  4.5

Action                     || total
---------------------------++-------
  Melee: Mace              ||     7
  Evoke: Wand              ||     1
    Use: Scroll            ||     2
 Armour: Leather armour    ||     5
  Dodge: Dodged            ||     5

Table legend: (Time is in decaauts)
 A = Elapsed time spent in this place.
 B = Non-inter-level travel time spent in this place.
 C = Inter-level travel time spent in this place.
 D = Time resting spent in this place.
 E = Time spent auto-exploring this place.
 F = Levels seen in this place.
 G = Mean time per level.
                   A        B        C        D        E       F      G
               +--------+--------+--------+--------+--------+-----+--------+
         Total |    186 |    186 |      0 |      0 |      9 |   2 |   93.0 |
       Dungeon |    186 |    186 |      0 |      0 |      9 |   2 |   93.0 |
               +--------+--------+--------+--------+--------+-----+--------+

Top non-repeatable levels by time:
     D:5: 184 daAuts
     D:4: 1 daAuts
